Map: Arctic Dream LE

Players

Ugubriat - Winner!

  • Race: Zerg Zerg
  • Spawn Location: 6:00

Snuggles - Winner!

  • Race: Protoss Protoss
  • League: Platinum
  • Spawn Location: 5:00

qqq

  • Race: Protoss Protoss
  • Spawn Location: 11:00

Massa

  • Race: Terran Terran
  • Spawn Location: 12:00

VOD

Have the link to the VOD?

Description

Time

  • Played on: June 10, 2020, 2:35 p.m.
  • Length: 4:59
Show
View Real Time Build Order
Export as new Build Order

Ugubriat Zerg - Winner!

Build Orders: Hatch First 

Get SALT Encoding   

  12  0:01  Drone  
  13  0:13  Overlord  
  13  0:20  Drone  
  14  0:32  Drone  
  14  0:33  Drone  
  16  0:50  Hatchery  
  16  0:54  Drone  
  16  0:58  Drone  
  16  1:02  Drone  
  18  1:07  Extractor  
  17  1:17  Spawning Pool  
  16  1:22  Drone  
  16  1:24  Drone  
  18  1:45  Drone x2  
  20  1:54  Overlord  
  20  2:05  Queen x2  
  24  2:10  Metabolic Boost  
  24  2:14  Zergling x4  
  26  2:21  Drone x2  
  28  2:37  Overlord  
  28  2:41  Queen  
  30  2:47  Drone x2  
  30  2:48  Drone x3  
  35  3:02  Zergling x4  
  37  3:17  Zergling x4  
  37  3:18  Overlord  
  37  3:19  Overlord  
  39  3:34  Zergling x10  
  40  3:39  Zergling x4  
  46  3:42  Lair  
  47  3:55  Zergling x2  
  47  3:56  Zergling x14  
  52  4:28  Drone x3  
  52  4:29  Drone x4  
  59  4:32  Extractor  
  59  4:34  Extractor  
Show
View Real Time Build Order
Export as new Build Order

Snuggles Protoss - Winner!

Build Orders:  

Get SALT Encoding   

  12  0:01  Probe  
  13  0:14  Pylon  
  13  0:17  Probe  
  14  0:26  Probe  
  14  0:34  Probe  
  15  0:39  Gateway  
  16  0:46  Probe, Assimilator  
  17  0:59  Probe  
  17  1:02  Pylon  
  18  1:13  Probe  
  19  1:26  Cybernetics Core  
  19  1:28  Assimilator  
  19  1:30  Probe  
  20  1:38  Gateway, Warp Gate  
  20  1:48  Gateway  
  20  1:53  Probe  
  21  2:06  Probe  
  22  2:18  Probe  
  23  2:24  Gateway  
  23  2:30  Probe  
  23  2:33  Pylon  
  24  2:37  Pylon  
  24  2:42  Probe  
  25  2:53  Twilight Council  
  25  2:54  Probe  
  26  3:06  Probe  
  27  3:18  Probe  
  28  3:28  Stalker x4  
  36  3:40  Pylon  
  36  3:52  Stalker  
  36  3:54  Stalker  
  40  4:00  Stalker  
  42  4:30  Stalker x3  
  42  4:31  Stalker  
Show
View Real Time Build Order
Export as new Build Order

qqq Protoss 

Build Orders: Phoenix Opening 

Get SALT Encoding   

  12  0:02  Probe  
  13  0:20  Pylon  
  13  0:21  Probe  
  14  0:37  Probe  
  14  0:40  Gateway  
  15  0:44  Pylon  
  15  0:50  Probe  
  16  1:02  Probe  
  17  1:17  Probe  
  17  1:18  Assimilator  
  18  1:27  Cybernetics Core  
  19  1:32  Probe  
  19  1:43  Assimilator  
  19  1:44  Probe  
  20  1:57  Probe  
  21  2:09  Probe  
  22  2:18  Nexus  
  22  2:21  Probe  
  22  2:22  Stalker  
  25  2:33  Probe  
  26  2:41  Stargate  
  26  2:45  Pylon  
  26  2:46  Pylon  
  26  2:51  Pylon  
  26  3:24  Phoenix  
  26  3:25  Stargate  
  28  3:45  Pylon  
  27  3:53  Robotics Facility  
  27  4:02  Probe  
  28  4:08  Phoenix  
  30  4:11  Stalker  
  30  4:12  Assimilator  
  30  4:14  Probe  
  30  4:16  Assimilator  
  33  4:26  Probe  
  34  4:38  Probe  
Show
View Real Time Build Order
Export as new Build Order

Massa Terran 

Build Orders:  

Get SALT Encoding   

  12  0:03  SCV  
  13  0:15  Supply Depot  
  13  0:18  SCV  
  14  0:30  SCV  
  15  0:38  Barracks  
  15  0:42  SCV  
  16  0:50  Supply Depot  
  16  0:55  SCV  
  17  1:06  Refinery  
  17  1:07  SCV  
  17  1:10  Refinery  
  18  1:19  SCV  
  19  1:31  SCV  
  20  1:43  SCV  
  20  1:46  Supply Depot  
  21  1:54  Factory  
  21  2:01  Barracks Reactor  
  21  2:03  SCV  
  22  2:15  SCV  
  23  2:27  SCV  
  24  2:42  Command Center  
  24  2:51  Barracks  
  24  2:52  Hellion x2  
  24  2:56  Barracks Tech Lab  
  28  3:01  Engineering Bay  
  28  3:13  Hellion x2  
  32  3:26  Orbital Command  
  32  3:35  Concussive Shells  
  32  3:48  Barracks Tech Lab  
  32  3:51  Widow Mine x2  
  36  4:22  Marauder x2  
Tags
 
Add a new tag
Caveats
  • Supply blocks, unpowered buildings, or Contaminate may cause inaccurate times.
  • Supply counts are checked every 10 seconds.